 Dungeon Crawl Stone Soup version 0.29.0-5-ge4962eb29e (webtiles) character file.

Game seed: 1860595568657311655

107 themarg the Firebug (level 4, -2/32 HPs)
             Began as a Gnoll Wanderer on Aug 29, 2022.
             Slain by a lemure (5 damage)
             ... led by Pikel
             ... on level 2 of the Dungeon.
             The game lasted 00:08:41 (4987 turns).

themarg the Firebug (Gnoll Wanderer)                Turns: 4987, Time: 00:08:42

Health: -2/32      AC:  7    Str:  9      XL:     4   Next: 86%
Magic:  8/8        EV: 18    Int: 12      God:
Gold:   227        SH:  0    Dex: 10 (11) Spells: 9/9 levels left

rFire   + + .      SeeInvis .     - Unarmed
rCold   + + .      Faith    .   (shield currently unavailable)
rNeg    + + +      Spirit   .   (body armour currently unavailable)
rPois   ∞          Reflect  .   (helmet currently unavailable)
rElec   +          Harm     .   (cloak currently unavailable)
rCorr   +          Rampage  .   (gloves currently unavailable)
Will    .....                   (boots currently unavailable)
Stlth   +.........              (amulet currently unavailable)
HPRegen 0.10/turn               (ring currently unavailable)
MPRegen 0.11/turn               (ring currently unavailable)

@: wisp-form (expiring), flying
A: insubstantial, flying, no casting, tiny, (fangs 1), strong nose, distributed
training, dopey 1, (poison resistance), weak 1
a: no special abilities


You were on level 2 of the Dungeon.
You were an insubstantial wisp.
You visited 1 branch of the dungeon, and saw 4 of its levels.

You collected 227 gold pieces.

Inventory:

Hand Weapons
 a - a +0 dagger
 h - a +0 flail (melded)
Missiles
 i - 4 poisoned darts
 l - 6 boomerangs of dispersal
Armour
 m - a +0 leather armour (melded)
 n - a +0 pair of gloves (melded)
Jewellery
 c - a ring of willpower
Wands
 t - a wand of mindburst (18)
Scrolls
 b - a scroll of summoning
 e - a scroll of amnesia {unknown}
 f - a scroll of silence {unknown}
 g - 2 scrolls of magic mapping {unknown}
 j - a scroll of enchant armour {unknown}
 k - 3 scrolls of teleportation {unknown}
 q - 2 scrolls of identify {unknown}
 u - a scroll of brand weapon {unknown}
 v - a scroll of poison {unknown}
 y - a scroll of fear {unknown}
Potions
 o - a potion of lignification {unknown}
 p - 2 potions of heal wounds {unknown}
 r - a potion of curing {unknown}
 s - 2 potions of degeneration {unknown}
 w - a potion of invisibility {unknown}
 z - a potion of ambrosia {unknown}


   Skills:
 + Level 1.3 Fighting
 + Level 1.3 Short Blades
 + Level 1.3 Long Blades
 + Level 1.3 Axes
 + Level 1.3 Maces & Flails
 + Level 1.3 Polearms
 + Level 1.3 Staves
 + Level 1.3 Ranged Weapons
 + Level 1.3 Throwing
 + Level 1.3 Armour
 + Level 1.3 Dodging
 + Level 1.3 Stealth
 + Level 1.3 Shields
 + Level 1.3 Unarmed Combat
 + Level 3.1 Spellcasting
 + Level 1.0 Conjurations
 + Level 1.0 Hexes
 + Level 1.0 Summonings
 + Level 3.9 Necromancy
 + Level 1.0 Translocations
 + Level 1.0 Transmutations
 + Level 7.1 Fire Magic
 + Level 1.0 Ice Magic
 + Level 1.0 Air Magic
 + Level 1.0 Earth Magic
 + Level 1.0 Poison Magic
 + Level 1.4 Invocations
 + Level 6.6 Evocations


You had 9 spell levels left.
You didn't know any spells.
Your spell library contained the following spells:

 Spells                   Type           Power      Damage    Failure   Level
 Foxfire                  Conj/Fire      44%        2x1d6     4%          1
 Necrotise                Necr           44%        1d6       4%          1
 Inner Flame              Hex/Fire       11%        N/A       14%         3
 Vampiric Draining        Necr           11%        2d6       14%         3
 Flame Wave               Conj/Fire      11%        2d6       41%         4


Dungeon Overview and Level Annotations

Branches:
Dungeon (4/15)
 Temple: D:4-7

Altars:
Ashenzari

Annotations:
D:3 2 transporters, Pikel; xian's ghost, amateur DrBe


Innate Abilities, Weirdness & Mutations

You are an insubstantial wisp.
Your tiny insubstantial body is highly resistant to most damage types.
You are flying.
Your equipment is entirely melded.
You are incapable of wielding weapons or throwing items.
You cannot cast spells.
((You have very sharp teeth.))
Your uncanny sense of smell can sniff out nearby items.
Your experience applies equally to all skills.
You are dopey. (Int -2)
((Your system is resistant to poisons. (rPois)))
You are weak. (Str -2)


Message History

There is a stone staircase leading down here.
You barely miss Pikel. Your bite misses Pikel. The lemure hits you. x2
Pikel hits you with a +1 whip of freezing.
Pikel freezes you.
Aiming: Throw Flame
Press: ? - help, Q - select action, (/) - cycle Shift-Dir - straight line, f - Pikel
Aim: Pikel, wielding a +1 whip of freezing, wearing a +0 robe and carrying a wand of polymorph (2) (67% to hit)
The puff of flame hits Pikel.
Pikel is lightly wounded.
The lemure closely misses you. The lemure hits you.
* * * LOW HITPOINT WARNING * * *
Pikel barely misses you.
Aiming: Throw Flame
Press: ? - help, Q - select action, (/) - cycle Shift-Dir - straight line, f/p - Pikel
Aim: Pikel, wielding a +1 whip of freezing, wearing a +0 robe and carrying a wand of polymorph (2) (lightly wounded, 67% to hit)
The puff of flame misses Pikel.
The lemure barely misses you. The lemure misses you.
Pikel zaps a wand.
You turn into an insubstantial wisp.
Your +0 flail melds into your body.
Your +0 pair of gloves melds into your body.
Your +0 leather armour melds into your body.
Pikel attacks as you move away! Pikel barely misses you.
The lemure hits you but does no damage. The lemure hits you.
* * * LOW HITPOINT WARNING * * *
The lemure attacks as you move away! The lemure completely misses you.
The lemure attacks as you move away! The lemure hits you.
* * * LOW HITPOINT WARNING * * *
The lemure attacks as you move away! The lemure completely misses you.
Your transformation is almost over.
The lemure attacks as you move away! The lemure misses you.
The lemure attacks as you move away! The lemure misses you.
There is an escape hatch in the ceiling here.
A mysterious force pulls you upwards. The hatch slams shut behind you.
Aiming: Throw Flame
Press: ? - help, Q - select action, (/) - cycle Shift-Dir - straight line, f - lemure
Aim: a lemure (67% to hit)
The puff of flame misses the lemure.
The now-empty wand crumbles to dust.
The lemure hits you but does no damage.
Unknown command.
You barely miss the lemure. The lemure hits you.
You die...

##################
##########..v5..........).#
#...................#####.#
#.########.########.# #.#
#.# #......# #.# #.# #.#
#.###### #.# #.# #.###.##
#.# #.# ##.##...## #.#
#.### #........#
#.#####.... ####..##....#
#.........#


You could see a lemure.

Vanquished Creatures
  A gnoll (D:1)
  3 adders (D:2)
  A worm (D:3)
  A dart slug (D:1)
  An orc (D:3)
  10 endoplasms
  2 giant cockroaches
  6 goblins
  4 hobgoblins (D:2)
  2 quokkas (D:3)
  7 ball pythons
  8 bats
  A frilled lizard (D:1)
  9 kobolds
  5 rats
61 creatures vanquished.

Notes
Turn   | Place    | Note
-------+----------+-------------------------------------------
     0 | D:1      | themarg the Gnoll Wanderer began the quest for the Orb.
     0 | D:1      | themarg set off with the following items: a +0 dagger, a
                  | scroll of summoning, a +0 robe, a wand of flame (6); and
                  | the following spells available to memorise: Necrotise,
                  | Foxfire, Inner Flame, Vampiric Draining, Flame Wave.
     0 | D:1      | Reached XP level 1. HP: 13/13 MP: 4/4
   417 | D:1      | Reached XP level 2. HP: 9/19 MP: 5/5
  1375 | D:1      | Reached XP level 3. HP: 22/25 MP: 7/7
  2468 | D:2      | Reached skill level 1 in Invocations
  2787 | D:2      | Gained mutation: You are dopey. (Int -2) [potion of
                  | mutation]
  2787 | D:2      | Gained mutation: A frigid envelope surrounds you and
                  | freezes all who hurt you. [potion of mutation]
  2787 | D:2      | Gained mutation: Your body sometimes deteriorates upon
                  | taking damage. [potion of mutation]
  2787 | D:2      | Gained mutation: Your flesh is heat resistant. (rF+)
                  | [potion of mutation]
  2790 | D:2      | Reached skill level 1 in Fighting
  2790 | D:2      | Reached skill level 1 in Short Blades
  2790 | D:2      | Reached skill level 1 in Long Blades
  2790 | D:2      | Reached skill level 1 in Axes
  2790 | D:2      | Reached skill level 1 in Maces & Flails
  2790 | D:2      | Reached skill level 1 in Polearms
  2790 | D:2      | Reached skill level 1 in Staves
  2790 | D:2      | Reached skill level 1 in Ranged Weapons
  2790 | D:2      | Reached skill level 1 in Throwing
  2790 | D:2      | Reached skill level 1 in Armour
  2790 | D:2      | Reached skill level 1 in Dodging
  2790 | D:2      | Reached skill level 1 in Stealth
  2790 | D:2      | Reached skill level 1 in Shields
  2790 | D:2      | Reached skill level 1 in Unarmed Combat
  3266 | D:2      | Reached XP level 4. HP: 32/32 MP: 8/8
  3493 | D:2      | Found a faded altar of an unknown god.
  3640 | D:2      | Reached skill level 1 in Conjurations
  3640 | D:2      | Reached skill level 1 in Hexes
  3640 | D:2      | Reached skill level 1 in Summonings
  3640 | D:2      | Reached skill level 1 in Translocations
  3640 | D:2      | Reached skill level 1 in Transmutations
  3640 | D:2      | Reached skill level 1 in Ice Magic
  3640 | D:2      | Reached skill level 1 in Air Magic
  3640 | D:2      | Reached skill level 1 in Earth Magic
  3640 | D:2      | Reached skill level 1 in Poison Magic
  3999 | D:3      | Found a transporter.
  3999 | D:3      | Noticed xian's ghost (amateur DrBe)
  4007 | D:3      | Found a transporter.
  4106 | D:3      | Found a broken altar of Ashenzari.
  4910 | D:3      | Lost mutation: A frigid envelope surrounds you and freezes
                  | all who hurt you. [potion of mutation]
  4910 | D:3      | Lost mutation: Your flesh is heat resistant. (rF+) [potion
                  | of mutation]
  4910 | D:3      | Lost mutation: Your body sometimes deteriorates upon taking
                  | damage. [potion of mutation]
  4910 | D:3      | Gained mutation: You are weak. (Str -2) [potion of
                  | mutation]
  4910 | D:3      | Gained mutation: Your system is resistant to poisons.
                  | (rPois) [potion of mutation]
  4963 | D:4      | Noticed Pikel
  4963 | D:4      | Noticed a lemure
  4963 | D:4      | Noticed a lemure
  4963 | D:4      | Noticed a lemure
  4963 | D:4      | Noticed a lemure
  4987 | D:2      | Slain by a lemure

Illustrated notes

Levels and vault maps discovered:
D:1:      dpeg_arrival_three_bigger_balls, layout_loops_ring
D:2:      layout_loops_ring, hellmonk_ecumenical_altar_run_dry,
          dreamdust_wishing_well, serial_park_tiny_1,
          minmay_misc_feat_diagonals, chequers_mini_garden,
          chequers_serial_rivers_micro_b
D:3:      layout_rooms, nicolae_ashenzari_panopticon, gammafunk_ghost_arena
D:4:      layout_rooms, gup_sewer_entry_bubbles, kennysheep_windowed_goal,
          uniq_pikel, uniq_crazy_yiuf_cottage

Skill      XL: |  1  2  3  4 |
---------------+-------------+-----
Invocations    | 1 |  1.4
Fighting       | 1 |  1.3
Short Blades   | 1 |  1.3
Long Blades    | 1 |  1.3
Axes           | 1 |  1.3
Maces & Flails | 1 |  1.3
Polearms       | 1 |  1.3
Staves         | 1 |  1.3
Ranged Weapons | 1 |  1.3
Throwing       | 1 |  1.3
Armour         | 1 |  1.3
Dodging        | 1 |  1.3
Stealth        | 1 |  1.3
Shields        | 1 |  1.3
Unarmed Combat | 1 |  1.3
Spellcasting   | 3 |  3.1
Conjurations   | 1 |  1.0
Hexes          | 1 |  1.0
Summonings     | 1 |  1.0
Translocations | 1 |  1.0
Transmutations | 1 |  1.0
Ice Magic      | 1 |  1.0
Air Magic      | 1 |  1.0
Earth Magic    | 1 |  1.0
Poison Magic   | 1 |  1.0
Necromancy     | |  3.9
Fire Magic     | |  7.1
Evocations     | |  6.6

Action                   |  1- 3 |  4- 6 || total
-------------------------+-------+-------++-------
Melee: Dagger            |    59 |       ||    59
       Punch             |     3 |       ||     3
       Flail             |    80 |    38 ||   118
       Bite              |    13 |     5 ||    18
       Unarmed           |       |     1 ||     1
Evoke: Wand              |       |     6 ||     6
  Use: Potion            |     2 |     1 ||     3
 Stab: Sleeping          |     3 |     1 ||     4
Armor: Robe              |    17 |       ||    17
       Leather armour    |    27 |    14 ||    41
       Skin              |       |     2 ||     2
Dodge: Dodged            |    93 |    37 ||   130
